 Dungeon Crawl Stone Soup version 0.29-a0-283-ga02f740833 (webtiles) character file.

Game seed: 1295714421609320223

3390 frimble the Magician (level 10, -12/69 HPs)
             Began as a Djinni Cinder Acolyte on Mar 14, 2022.
             Was a Priest of Ignis.
             Mangled by an orc warrior
             ... wielding a +0 hand axe
              (17 damage)
             ... in a bailey.
             The game lasted 00:09:37 (8439 turns).

frimble the Magician (Djinni Cinder Acolyte)        Turns: 8439, Time: 00:09:38

Health: -12/69     AC:  4    Str: 20    XL:     10   Next: 24%
Gold:   399        EV: 11    Int: 25    God:    Ignis [***...] SH:  0 Dex:  8

rFire   + + +      SeeInvis .   k - +11 spear of the Crushed Souls {chaos, rElec Str+5 Int+6}
rCold   . . .      Faith    .   (no shield)
rNeg    . . .      Spirit   .   v - +1 leather armour {rF+}
rPois   ∞          Reflect  .   (no helmet)
rElec   +          Harm     .   f - scarf {rC+ rF+}
rCorr   .          Rampage  .   (no gloves)
Will    ++...                   (boots unavailable)
Stlth   +.........              (no amulet)
HPRegen 0.21/turn               i - ring of willpower
MPRegen 0.00/turn               (no ring)

@: flying, studying Shields
A: sickness immunity, fire resistance 2, cold vulnerability 1, float, innate
caster, HP casting, extra vitality 1
a: Renounce Religion, Fiery Armour, Foxfire Swarm, Rising Flame


You were in a bailey.
You worshipped Ignis.
Ignis was most pleased with you.
You visited 1 branch of the dungeon, and saw 7 of its levels.
You also visited: Bailey.

You collected 399 gold pieces.

Inventory:

Hand Weapons
 a - a -1 short sword of flaming
 g - a +1 dagger of venom
 k - the +11 spear of the Crushed Souls (weapon) {chaos, rElec Str+5 Int+6}
   (You found it on level 3 of the Dungeon)

   Each time it hits an enemy it has a different, random effect.
   Str:       It affects your strength (+5).
   Int:       It affects your intelligence (+6).
   rElec:     It insulates you from electricity.
Armour
 f - a scarf of resistance (worn)
 r - a +0 robe of resistance
 v - a +1 leather armour of fire resistance (worn)
Jewellery
 i - a ring of willpower (left hand)
Wands
 q - a wand of polymorph (3)
 u - a wand of acid (3)
Scrolls
 l - 2 scrolls of teleportation
 o - a scroll of enchant armour
Potions
 b - a potion of mutation
 c - 3 potions of lignification {unknown}
 d - 6 potions of curing {unknown}
 h - a potion of magic {unknown}
 j - 3 potions of flight {unknown}
 m - a potion of haste {unknown}
 n - a potion of resistance {unknown}
 p - 2 potions of brilliance {unknown}
 s - a potion of attraction {unknown}


   Skills:
 - Level 4.3 Fighting
 - Level 3.4 Short Blades
 + Level 7.7 Polearms
 + Level 7.8 Spellcasting


You had 14 spell levels left.
You knew the following spells:

 Your Spells              Type           Power      Damage    Failure   Level
a - Scorch                Fire           96%        2d10      1%          2
b - Beastly Appendage     Tmut           96%        N/A       1%          1
c - Ensorcelled Hibernat  Hex/Ice        96%        N/A       1%          2
d - Passwall              Tmut/Erth      40%        N/A       1%          2
e - Gell's Gravitas       Tloc           48%        N/A       1%          3
Your spell library was empty.

Dungeon Overview and Level Annotations

Branches:
Dungeon (7/15)             Bailey (1/1)
 Temple: D:4-7

Altars:
Cheibriados
Elyvilon
Gozag
Ru


Innate Abilities, Weirdness & Mutations

You are immune to sickness and miasma.
You are immune to poison.
Your flesh is very heat resistant. (rF++)
You are vulnerable to cold. (rC-)
You float through the air rather than walking.
You learn spells naturally, not from books.
Your magical power is your life essence.
You have superior vitality. (+4 MHP)


Message History

* * * LOW HITPOINT WARNING * * *
The orc warrior barely misses your foxfire.
The orc warrior hits your foxfire with a +0 hand axe!
The orc warrior hits your foxfire with a +0 hand axe.
The foxfire hits the orc warrior but does no damage.
The orc warrior is moderately wounded.
The foxfire hits the hobgoblin but does no damage.
The hobgoblin is heavily wounded.
The foxfire hits the orc warrior.
The orc warrior is moderately wounded.
The foxfire hits the orc warrior but does no damage.
The orc warrior is moderately wounded.
The foxfire hits the hobgoblin.
You kill the hobgoblin!
The foxfire hits the orc warrior.
The orc warrior is heavily wounded.
The foxfire hits the orc warrior but does no damage.
The orc warrior is heavily wounded.
The foxfire hits the orc warrior but does no damage.
The orc warrior is heavily wounded.
The foxfire hits the orc warrior but does no damage.
The orc warrior is heavily wounded.
The foxfire hits the orc warrior.
The orc warrior is heavily wounded.
The foxfire hits the orc warrior but does no damage.
The orc warrior is heavily wounded.
The foxfire hits the orc warrior but does no damage.
The orc warrior is heavily wounded.
The foxfire hits the orc warrior but does no damage.
The orc warrior is heavily wounded.
Okay, then.
Unknown command.
Okay, then.
Aiming: Corrosive Bolt
Press: ? - help, Shift-Dir - straight line, f - orc warrior
Aim: an orc warrior, wielding a +0 hand axe and wearing a +4 ring mail (heavily wounded, 64% to hit)
The bolt of acid hits the orc warrior!
The acid corrodes the orc warrior!
The orc warrior is severely wounded.
The orc warrior hits you with a +0 hand axe!
You die...

###.### ###.###
###.....### ###.....###
##.........###.........##
#...........#..)........#
#...........))..........#
#.....⌠§§.).#.....⌠.....#
#.)....§§...#...........#
#.).)..§§o..#.......o...#
###)....§@§§###.........##
♣♣♣ ###.#)#...§§###
###.....#'#
..♣###...).###.###
###.###...
..##....)))).### ### .o.
..#...........#
..'...........#
..'...[.⌠.....#
..'.[.[.......#
..#....[......#


You could see an orc warrior (corroded).

Vanquished Creatures
  Pikel (D:5)
  An orc knight (Bailey)
  5 yaks
  2 water moccasins (D:6)
  3 orc warriors (Bailey)
  An ice beast (D:5)
  A sky beast (D:7)
  2 black bears (D:6)
  A lemure (D:5)
  Blork the orc (D:6)
  A scorpion (D:5)
  2 howler monkeys
  An orc priest (D:3)
  A gnoll shaman (D:6)
  2 hounds (D:5)
  3 jellies
  Jessica (D:3)
  3 iguanas
  Ijyb (D:5)
  A mummy (D:4)
  6 adders
  16 gnolls
  An ufetubus (D:4)
  2 worms
  6 dart slugs
  18 orcs
  13 endoplasms
  A giant cockroach (D:1)
  19 goblins
  16 hobgoblins
  4 jackals (D:2)
  A quokka (D:2)
  5 ball pythons
  10 bats
  2 frilled lizards
  13 kobolds
  3 rats
170 creatures vanquished.

Vanquished Creatures (others)
  65 foxfires
  4 fungi (D:4)
  9 toadstools (D:4)
78 creatures vanquished.

Grand Total: 248 creatures vanquished

Notes
Turn   | Place    | Note
-------+----------+-------------------------------------------
     0 | D:1      | frimble the Djinni Cinder Acolyte began the quest for the
                  | Orb.
     0 | D:1      | Reached XP level 1. HP: 20/20 MP: 0/0
   308 | D:1      | Reached XP level 2. HP: 25/25 MP: 0/0
   700 | D:1      | Found a faded altar of an unknown god.
  1179 | D:1      | Identified a scroll of acquirement
  1179 | D:1      | Acquired a manual of Shields
  1204 | D:2      | Reached XP level 3. HP: 27/30 MP: 0/0
  1204 | D:2      | Learned a level 1 spell: Beastly Appendage
  1482 | D:2      | Identified the +3 ring mail of Mutualism {*Corrode Int+2
                  | Dex+2}
  2221 | D:3      | Reached XP level 4. HP: 30/35 MP: 0/0
  2436 | D:3      | Identified the +11 spear of the Crushed Souls {chaos, rElec
                  | Str+5 Int+6}
  2502 | D:3      | Noticed Jessica
  2507 | D:3      | Killed Jessica
  2508 | D:3      | Reached XP level 5. HP: 38/41 MP: 0/0
  2508 | D:3      | Learned a level 2 spell: Ensorcelled Hibernation
  2794 | D:3      | Reached skill level 1 in Polearms
  2808 | D:3      | Reached XP level 6. HP: 7/47 MP: 0/0
  4283 | D:4      | Reached XP level 7. HP: 44/53 MP: 0/0
  4283 | D:4      | Learned a level 2 spell: Passwall
  4387 | D:4      | Found a snail-covered altar of Cheibriados.
  4431 | D:4      | Found a sacrificial altar of Ru.
  4908 | D:5      | Entered Level 5 of the Dungeon
  4927 | D:5      | Noticed Pikel
  4948 | D:5      | Killed Pikel
  4949 | D:5      | Reached skill level 5 in Spellcasting
  4949 | D:5      | Reached XP level 8. HP: 28/58 MP: 0/0
  5285 | D:5      | Found a white marble altar of Elyvilon.
  5470 | D:5      | Noticed a yak
  5470 | D:5      | Noticed a yak
  5471 | D:5      | Noticed a yak
  5472 | D:5      | Noticed a yak
  5472 | D:5      | Noticed a yak
  5489 | D:5      | Killed a yak
  5750 | D:4      | Killed a yak
  5751 | D:4      | Reached skill level 5 in Polearms
  5876 | D:4      | Killed a yak
  5877 | D:4      | Reached XP level 9. HP: 29/63 MP: 0/0
  5877 | D:4      | Learned a level 3 spell: Gell's Gravitas
  6248 | D:5      | Noticed Ijyb
  6258 | D:5      | Killed Ijyb
  6829 | D:6      | Found an opulent altar of Gozag.
  6938 | D:6      | Noticed Blork the orc
  6945 | D:6      | Killed Blork the orc
  7717 | D:7      | Found a flagged portal.
  7732 | Bailey   | Entered a bailey
  7880 | Bailey   | Reached XP level 10. HP: 46/69 MP: 0/0
  8077 | Bailey   | Noticed an orc knight
  8098 | Bailey   | Killed an orc knight
  8439 | Bailey   | Mangled by an orc warrior

Illustrated notes

Levels and vault maps discovered:
D:1:      lemuel_arrival_river_bridge, layout_loops_cross,
          chequers_ecumenical_altar_twisty
D:2:      layout_basic
D:3:      cheibrodos_greedy_goblins, layout_loops_ring, chequers_avenue,
          uniq_jessica
D:4:      cheibrodos_fertilizer, layout_loops_corners, slow_altar_2,
          mainiacjoe_overflow_brackets
D:5:      layout_basic, lemuel_doored_altar, lemuel_another_geyser, uniq_ijyb,
          uniq_pikel
D:6:      layout_rooms, nicolae_overflow_crystal_walls,
          nicolae_underground_beach, uniq_blork_the_orc
D:7:      layout_layer_cave, amcnicky_altar_gilded, minmay_temple_entry_wispy,
          lightli_bailey_entry_fortress, nicolae_wooded_promenade,
          nicolae_good_shop
Bailey:   bailey_axe_minmay_hex_keep, bailey

Skill      XL: |  1  2  3  4  5  6  7  8  9 |
---------------+----------------------------+-----
Short Blades   | 3 |  3.4
Spellcasting   | 3 5 6 7 |  7.8
Fighting       | 4 |  4.3
Polearms       | 1 2 4 5 7 |  7.7

Action                   |  1- 3 |  4- 6 |  7- 9 | 10-12 || total
-------------------------+-------+-------+-------+-------++-------
Melee: Short sword       |    83 |       |       |       ||    83
       Punch             |     1 |     1 |     1 |       ||     3
       Dagger            |    59 |     9 |       |    14 ||    82
       Spear             |       |   110 |   127 |    29 ||   266
Throw: Throwing net      |       |       |     1 |     2 ||     3
 Cast: Scorch            |       |     2 |    39 |     1 ||    42
       Ensorcelled Hiber |       |       |       |     2 ||     2
       Gell's Gravitas   |       |       |       |     1 ||     1
Invok: Foxfire Swarm     |       |       |     1 |     3 ||     4
       Fiery Armour      |       |       |     1 |       ||     1
Evoke: Wand              |       |       |     1 |     2 ||     3
  Use: Scroll            |     2 |     1 |     7 |     1 ||    11
       Potion            |       |       |       |     1 ||     1
 Stab: Sleeping          |     1 |     1 |       |       ||     2
       Held in net/web   |       |       |       |     2 ||     2
Armor: Robe              |    37 |    11 |     3 |       ||    51
       Leather armour    |       |       |     5 |     4 ||     9
Dodge: Dodged            |    90 |    26 |    56 |    20 ||   192

Table legend: (Time is in decaauts)
 A = Elapsed time spent in this place.
 B = Non-inter-level travel time spent in this place.
 C = Inter-level travel time spent in this place.
 D = Time resting spent in this place.
 E = Time spent auto-exploring this place.
 F = Levels seen in this place.
 G = Mean time per level.
                   A        B        C        D        E       F      G
               +--------+--------+--------+--------+--------+-----+--------+
         Total |   8398 |   8230 |    168 |    533 |   6533 |   8 | 1049.8 |
       Dungeon |   7706 |   7538 |    168 |    238 |   6315 |   7 | 1100.9 |
        Bailey |    691 |    691 |      0 |    295 |    218 |   1 |  691.0 |
               +--------+--------+--------+--------+--------+-----+--------+

Top non-repeatable levels by time:
     D:4: 1724 daAuts
     D:5: 1345 daAuts
     D:3: 1264 daAuts
     D:2: 1257 daAuts
     D:1: 1182 daAuts
     D:6: 880 daAuts
  Bailey: 691 daAuts
     D:7: 51 daAuts
